 Dungeon Crawl Stone Soup version 0.17-a0-2093-gc772f4b (webtiles) character file.

332 McCoppin the Chopper (level 6, -2/44 HPs)
             Began as a Vampire Gladiator on Oct 16, 2015.
             Was an Initiate of Gozag.
             Slain by a worm (4 damage)
             ... on level 4 of the Dungeon on Oct 17, 2015.
             The game lasted 00:13:57 (2769 turns).

McCoppin the Chopper (Vampire Gladiator)            Turns: 2769, Time: 00:13:57

Health: -2/44      AC: 11    Str: 16    XL:     6   Next: 26%
Magic:  6/6        EV: 10    Int: 11    God:    Gozag
Gold:   397        SH:  0    Dex: 14    Spells: 0 memorised, 5 levels left

rFire  . . .     SeeInvis +     h - +0 whip
rCold  . . .     Clarity  .     i - +4 scale mail {rN+}
rNeg   + . .     SustAt   .     (no shield)
rPois  .         Gourm    .     c - +0 helmet
rElec  .         Spirit   .     (no cloak)
rCorr  .         Warding  .     (no gloves)
rMut   .         Stasis   .     (no boots)
MR     .....                    (no amulet)
Stlth  +.........               (no ring)
                                k - ring of stealth

@: regenerating quickly, not resistant to hostile enchantments, very unstealthy
A: fangs 3, see invisible, unbreathing
a: Potion Petition, Call Merchant, Bribe Branch, Renounce Religion


You were on level 4 of the Dungeon.
You worshipped Gozag.
Gozag was noncommittal.
You were full.

You visited 1 branch of the dungeon, and saw 4 of its levels.

You collected 397 gold pieces.

Inventory:

Hand Weapons
 a - a +0 war axe
 h - a +0 whip (weapon)
Missiles
 d - 3 throwing nets (quivered)
Armour
 b - a +0 leather armour
 c - a +0 helmet (worn)
 i - a +4 scale mail of positive energy (worn)
Jewellery
 k - a ring of stealth (left hand)
Scrolls
 f - 2 scrolls of remove curse
 g - a scroll of blinking
 j - a scroll of magic mapping {unknown}
 l - a scroll of random uselessness
 n - a scroll of teleportation {unknown}
 o - 2 scrolls of identify
 p - a scroll of fog {unknown}
Potions
 e - a potion of blood
 m - a potion of cancellation
 q - 2 potions of curing {unknown}
Books
 r - a book of Fire

   Spells                             Type                      Level
   a - Ignite Poison                  Fire/Transmutation/Poison    3
   b - Fireball                       Conjuration/Fire             5
   c - Bolt of Fire                   Conjuration/Fire             6
   d - Delayed Fireball               Conjuration/Fire             7
   e - Ring of Flames                 Charms/Fire                  7


   Skills:
 - Level 1.7 Fighting
 + Level 6.5 Axes
 - Level 1.5 Throwing
 - Level 3.2 Dodging


You had 5 spell levels left.
You didn't know any spells.

Dungeon Overview and Level Annotations

Branches:
Dungeon (4/15)
 Temple: D:4-7

Altars:
Gozag
Ru
Zin
The Shining One

Shops:
D:4 ?

Annotations:
D:3 Natasha
D:4 Dowan, Duvessa


Innate Abilities, Weirdness & Mutations

Your natural rate of healing is unusually fast.
You have razor-sharp teeth.
You have supernaturally acute eyesight.
You can survive without breathing.


Message History

The worm is severely wounded.
The worm closely misses you.
You barely miss the worm.
The worm is severely wounded.
You hit the worm but do no damage.
The worm is severely wounded.
The worm bites you.
* * * LOW HITPOINT WARNING * * *
You hit the worm. You bite the worm.
The worm is almost dead.
You hit the worm but do no damage.
The worm is almost dead.
The worm bites you but does no damage.
You hit the worm but do no damage.
The worm is almost dead.
You hit the worm but do no damage.
The worm is almost dead.
The worm bites you.
You die...
Your body crumbles into a pile of gold.

####.. ##.....##
.........
........#
#<#........# #.#
#......# #.#
#......## #.#
#......@#####.####
#.#
####+#.w$$.......#
#.#
#...####.####.#
#.# #...# ...
####.######.#.#
....#
#...........#.#
....#
#.##.########..
_..... #.#....
..#. ....#.#
#.###### ..#..
....#.#


You could see a worm.

Vanquished Creatures
  Purgy (D:3)
  The ghost of brucemayne the Chopper, a weakling HOBe of Trog (D:3)
  A hound (D:4)
  A giant frog skeleton (D:4)
  Terence (D:3)
  2 adders
  4 worms
  3 giant geckos
  8 orcs
  3 ball pythons
  4 giant cockroaches
  6 goblins (D:1)
  5 hobgoblins
  2 jackals (D:1)
  9 kobolds
  2 quokkas
  3 bats
  4 giant newts (D:1)
  18 rats
78 creatures vanquished.

Notes
Turn   | Place    | Note
--------------------------------------------------------------
     0 | D:1      | McCoppin the Vampire Gladiator began the quest for the Orb.
     0 | D:1      | Reached XP level 1. HP: 16/16 MP: 1/1
   105 | D:1      | Reached XP level 2. HP: 19/22 MP: 2/2
   547 | D:1      | Reached XP level 3. HP: 22/27 MP: 3/3
   714 | D:2      | Found a glowing silver altar of Zin.
   738 | D:2      | Found a faded altar to an unknown god.
   749 | D:2      | Reached skill level 4 in Axes
   758 | D:2      | Became a worshipper of Gozag Ym Sagoz the Greedy
  1232 | D:3      | Noticed Purgy
  1400 | D:3      | Noticed Terence
  1635 | D:3      | Killed Terence
  1635 | D:3      | Reached XP level 4. HP: 13/33 MP: 4/4
  1889 | D:3      | Noticed brucemayne's ghost (weakling HOBe)
  1898 | D:3      | Noticed Natasha
  1997 | D:3      | Killed brucemayne's ghost
  1997 | D:3      | Reached skill level 5 in Axes
  1997 | D:3      | Reached XP level 5. HP: 38/38 MP: 5/5
  2101 | D:3      | Killed Purgy
  2101 | D:3      | Reached skill level 6 in Axes
  2489 | D:4      | Noticed Duvessa
  2490 | D:4      | Noticed Dowan
  2576 | D:4      | Found a sacrificial altar of Ru.
  2608 | D:4      | Found Ergheidosch's Magic Scroll Shop.
  2631 | D:4      | Reached XP level 6. HP: 17/44 MP: 6/6
  2711 | D:4      | Found a glowing golden altar of the Shining One.
  2765 | D:4      | HP: 1/44 [worm (5)]
  2769 | D:4      | Slain by a worm

Vault maps used:
D:1:      onia_arrival_handbag, minmay_rat_gold_closets
D:2:      zin_statuary, ecumenical_altar_1
D:3:      uniq_terence, uniq_purgy, uniq_natasha
D:4:      old_standard_altar, first_bread, serial_shops, shop,
          kennysheep_doodads, nicolae_ru_awakened_eye, uniq_robin, uniq_duvessa

Action                   |  1- 3 |  4- 6 || total
-------------------------+-------+-------++-------
Melee: War axe           |    53 |       ||    53
       Whip              |   135 |   208 ||   343
       Unarmed           |    26 |       ||    26
Invok: Potion Petition   |       |     1 ||     1
 Abil: End Transformatio |     2 |       ||     2
       Bat Form          |     2 |       ||     2
  Use: Potion            |    12 |     5 ||    17
       Scroll            |       |     4 ||     4
 Stab: Sleeping          |     3 |       ||     3
